Tilon, neutral male gnomish Wizard ------- ---- ---- --- |..|..| |..--- |..--- --- |..--.....| -------- |....|---....-- --.-- |........- --...|[.| |....||.......| --...--- |........---.......-- |.|..||.--...-- |.*....-- |...................| |.|-.||.|--.-- |.......| ---- ---..>.....---.....-- |.||.||.| --- --.....-- |..| --- --- |.........| ---...| |.||.||.| |....-- |..| |.---- --.---.........--------- |.||.||.| |-...| |..| |....| |.................| ---.||.--.-- ---- --....-- --.| |....--|..........--.....-- |...||.....|---..--- |......| |.| ----......|.........---......| ---...||.....|.......| ---...--.- --.---|...----..|--......-|........-- |.bf-----...........-- |...---|..| |....--...| --- --....---.--......| ---@--- |...........----.--- |..| |.......------------..---...--.--..-- |^.q| ---..............| ---- |..............................|---- ---.--- ----.....------- --.......--).----------...----.--- |...| --......| -----..<.....| --.|.-----....--------.--- |.......- |.....^..| |......................| --.--....| ---`.--.-- |..--------..----------- -- ---.-- ------- --- ---- --- Tilon the Thaumaturge Experience level: 7 Strength: 12 Dexterity: 16 Constitution: 13 Intelligence: 18 Wisdom: 12 Charisma: 10 Health: 0(43) Energy: 35(67) Def: 3 Gold: 118 Moves: 4798 Dungeon seed: 50sipic_fomU67pK Game ID: Tilon_1485625104 Your Inventory: Coins $ - 118 gold pieces Weapons a - a blessed +1 quarterstaff C - 4 +0 daggers E - 2 +0 elven daggers (wielded) W - 10 +0 darts Armor e - an uncursed +0 cloak of magic resistance (being worn) l - an uncursed +0 orcish helm (being worn) q - an uncursed +0 pair of elven boots (being worn) Comestibles v - an uncursed lembas wafer P - 2 uncursed food rations Scrolls f - a blessed scroll of confuse monster i - 2 uncursed scrolls of light j - an uncursed scroll of destroy armor k - an uncursed scroll of identify n - an uncursed scroll of charging o - 2 uncursed scrolls of confuse monster F - 2 uncursed scrolls of blank paper Rings c - an uncursed ring of warning d - an uncursed ring of cold resistance (on right hand) p - an uncursed ring of teleport control (on left hand) Wands b - a wand of undead turning (0:4) A - a wand of probing (0:3) H - a wand of undead turning (0:4) Tools m - an uncursed skeleton key s - a magic marker (0:78) B - an uncursed magic whistle G - an uncursed mirror R - an uncursed oil lamp (0:1345) T - an uncursed tin opener U - an uncursed leash Z - an uncursed tallow candle (0:200) Gems h - 2 uncursed worthless pieces of yellow glass r - 2 uncursed worthless pieces of green glass y - 3 uncursed worthless pieces of violet glass z - 2 uncursed worthless pieces of black glass L - 2 uncursed worthless pieces of red glass N - 3 uncursed worthless pieces of yellowish brown glass Y - an uncursed worthless piece of white glass Spells and supernatural/magical abilities: Name Level Category Fail Memory a - force bolt 1 attack 0% 77% u - confuse monster 2 enchantment 0% 77% z - sleep 1 enchantment 0% 82% W - pray for help -- divine ? -- Your skills at the end: Fighting Skills Weapon Skills dagger [Skilled] quarterstaff [Basic] Spellcasting Skills attack spells [Basic] enchantment spells [Basic] Final Attributes: You were piously aligned. You were cold resistant. You were magic-protected. You had infravision. You were stealthy. You could teleport. You had teleport control. You are dead. Vanquished creatures: a leprechaun a black light a gnome king a dwarf mummy a chickatrice 2 dingos an ape 2 Uruk-hai 2 rock piercers 3 rock moles a pony 2 shriekers 2 kobold mummies 3 elf zombies a straw golem a paper golem 3 baby crocodiles 3 giant ants a little dog a floating eye a kitten 2 kobold lords a rothe a dwarf zombie a wererat a coyote 3 gas spores 4 hobbits a large kobold a hobgoblin 6 giant rats 2 cave spiders 7 brown molds a yellow mold a red mold 4 gnomes a garter snake 2 geckos 19 jackals 2 foxes a kobold 5 goblins 4 sewer rats 6 grid bugs 4 bats 2 lichens 2 kobold zombies 5 newts 123 creatures vanquished. Voluntary challenges: You had been an atheist until turn 2836. You used a wielded weapon 159 times, starting on turn 45. You read items or engraved 4 times, starting on turn 1057. You never genocided any monsters. You never polymorphed an object. You never changed form. You used no wishes. You never split a pudding. You wrote Elbereth's name 2 times, starting on turn 3259. You violated your moral code, losing 10 points of alignment, starting on turn 1825. Dungeon overview: The Dungeons of Doom: levels 1 to 3 Level 1 a sink a long staircase Level 2 a fountain stairs to The Gnomish Mines Level 3 The Gnomish Mines: levels 3 to 9 Level 3 stairs to The Dungeons of Doom Level 4 Level 5 Level 6 some shops, a temple to Anhur, some fountains Level 7 Level 8 Level 9 <- You were here History has recorded: On T:1 you entered the Dungeons of Doom to retrieve the Amulet of Yendor! On T:379 you advanced to experience level 2. On T:443 you reached level 2 of The Dungeons of Doom. On T:978 you advanced to experience level 3. On T:982 you reached level 3 of The Dungeons of Doom. On T:1014 you reached level 1 of The Gnomish Mines. On T:1604 you reached level 2 of The Gnomish Mines. On T:1636 you advanced to experience level 4. On T:1825 you advanced to experience level 5. On T:2064 you reached level 3 of The Gnomish Mines. On T:2707 you advanced to experience level 6. On T:2721 you reached level 4 of The Gnomish Mines. On T:3490 you reached level 5 of The Gnomish Mines. On T:3972 you reached level 6 of The Gnomish Mines. On T:4349 you reached level 7 of The Gnomish Mines. On T:4619 you advanced to experience level 7. Score breakdown: Gold: 118 ( 7060 points) Experience: 7 levels (13645 points) Exploration: 9 levels ( 18.75%) (12377 points) Discoveries: 10 items ( 3.47%) ( 5590 points) Valuables value: (no points given unless you survive) Artifact value: 0 ( 0 points) Variety of kills: 48 monsters ( 12.60%) (10648 points) Turncount: 4798 turns (-1293 points) Survival: died (score multiplied by 80%) Total score: 38421 Latest messages: You produce a strange whistling sound. You displace your housecat. To what position do you want to be teleported? You displace your housecat. The housecat bites the sewer rat. The sewer rat misses the housecat. The spell hits the sewer rat! You kill the sewer rat! You stop. Your housecat is in the way! You displace your housecat. The acid blob bumps right into you! (2x) The leocrotta hits! The leocrotta bites! The leocrotta hits! (2x) The leocrotta bites! You die... Final status: Goodbye Tilon the Wizard, killed by a leocrotta... You died in The Gnomish Mines on dungeon level 9 with 38421 points, and 118 pieces of gold, after 4798 moves. You were level 7 with a maximum of 43 hit points when you died.